 Dungeon Crawl Stone Soup version 0.19.5 (webtiles) character file.

77 tidbits the Skirmisher (level 4, 0/34 HPs)
             Began as a High Elf Wanderer on Aug 18, 2017.
             Slain by a worm (6 damage)
             ... on level 2 of the Dungeon.
             The game lasted 00:06:08 (723 turns).

tidbits the Skirmisher (High Elf Wanderer)           Turns: 723, Time: 00:06:08

Health: 0/34       AC:  6    Str: 13    XL:     4   Next: 14%
Magic:  5/5        EV: 10    Int: 13    God:
Gold:   82         SH:  0    Dex: 16    Spells: 0 memorised, 3 levels left

rFire  . . .     SeeInvis .     a - +0 quarterstaff
rCold  . . .     Gourm    .     B - +0 scale mail
rNeg   . . .     Faith    .     (shield currently unavailable)
rPois  .         Spirit   .     (no helmet)
rElec  .         Reflect  .     (no cloak)
rCorr  .         Harm     .     (no gloves)
MR     .....                    (no boots)
Stlth  ..........               (no amulet)
                                (no ring)
                                (no ring)

@: no status effects
A: no striking features
a: no special abilities


You were on level 2 of the Dungeon.
You were not hungry.

You visited 1 branch of the dungeon, and saw 3 of its levels.

You collected 82 gold pieces.

Inventory:

Hand Weapons
 a - a +0 quarterstaff (weapon)
Missiles
 e - 51 stones (quivered)
 i - 37 sling bullets
 n - 23 arrows
Armour
 g - a +0 robe
 l - a +1 chain mail of cold resistance
   (You found it on level 1 of the Dungeon)
 B - a +0 scale mail (worn)
   (You found it on level 1 of the Dungeon)
Wands
 o - a wand of lightning (5/15)
   (You found it on level 3 of the Dungeon)
Scrolls
 h - 2 scrolls of immolation {unknown}
 k - a scroll of recharging {unknown}
 m - 2 scrolls of remove curse {unknown}
 p - a scroll of identify {unknown}
Potions
 b - a potion of flight {unknown}
 c - 2 potions of heal wounds
 d - a potion of lignification
Comestibles
 f - a bread ration
 j - 2 meat rations
 q - a chunk of flesh


   Skills:
 + Level 4.8 Fighting
   Level 2.0 Crossbows
 - Level 1.0 Throwing
 - Level 3.0 Dodging
 - Level 1.1 Stealth
 - Level 1.5 Unarmed Combat


You had 3 spell levels left.
You didn't know any spells.

Dungeon Overview and Level Annotations

Branches:
Dungeon (3/15)

Altars:
Elyvilon


Message History

Things that are here:
a bat corpse; an adder corpse; a bat corpse Butcher a bat corpse? [(y)es/(c)hoosy/(n)o/(a)ll/(e)dible/(q)uit/?]
Butcher an adder corpse? [(y)es/(c)hoosy/(n)o/(a)ll/(e)dible/(q)uit/?]
Okay, then.
You butcher the bat corpse.
Items here: % ÷ †† a chunk of flesh; a bat skeleton; an adder corpse; a bat corpse Unknown command.
There is an escape hatch in the floor here.
Items here: % ÷ †† a chunk of flesh; a bat skeleton; an adder corpse; a bat corpse
q - a chunk of flesh
There is an escape hatch in the floor here.
You open the door.
Found 10 sling bullets.
There is an open door here.
You see here 10 sling bullets.
i - 37 sling bullets (gained 10)
Found 11 gold pieces.
A worm comes into view. 2 adders come into view.
The adder hisses angrily. x2
The adder closely misses you.
You see here 11 gold pieces.
You miss the adder. The adder bites you but does no damage.
The adder barely misses you.
Your scale mail prevents you from hitting the adder.
The adder bites you but does no damage.
You closely miss the adder. The adder bites you.
You are poisoned.
The adder poisons you! The adder bites you.
You hit the adder.
The adder is moderately wounded.
You feel sick. The adder barely misses you.
The adder bites you but does no damage.
Your scale mail prevents you from hitting the adder.
The adder is moderately wounded.
The adder barely misses you.
You thump the adder!
You kill the adder!
You have reached level 4!
The adder bites you but does no damage.
You closely miss the adder.
You feel sick. The adder bites you but does no damage.
The adder barely misses you.
You miss the adder. The adder bites you but does no damage.
The adder closely misses you.
You closely miss the adder. The adder misses you.
You thump the adder!
The adder is heavily wounded.
You feel sick. The adder barely misses you.
The adder bites you but does no damage.
You closely miss the adder.
The adder is heavily wounded.
The adder barely misses you. The worm barely misses you.
The adder bites you but does no damage.
You miss the adder.
The adder is heavily wounded.
The adder bites you but does no damage. The worm bites you.
You hit the adder but do no damage.
The adder is heavily wounded.
You feel sick.
You are no longer poisoned.
The adder closely misses you. The adder barely misses you.
The worm barely misses you.
You barely miss the adder.
The adder is heavily wounded.
The adder bites you. The adder barely misses you.
You hit the adder but do no damage.
The adder is heavily wounded.
The adder completely misses you. The worm closely misses you.
You hit the adder but do no damage.
The adder is heavily wounded.
The adder barely misses you. The adder bites you but does no damage.
The worm bites you.
* * * LOW HITPOINT WARNING * * *
You barely miss the adder.
The adder is heavily wounded.
The adder bites you.
* * * LOW HITPOINT WARNING * * *
The adder closely misses you. The worm bites you.
* * * LOW HITPOINT WARNING * * *
You hit the adder.
The adder is almost dead.
The adder bites you but does no damage. The worm bites you but does no damage.
You closely miss the adder.
The adder is almost dead.
The adder barely misses you. The adder closely misses you.
You closely miss the adder.
The adder is almost dead.
The adder bites you but does no damage. The worm barely misses you.
The adder bites you but does no damage.
You miss the adder.
The adder is almost dead.
The adder misses you. The worm barely misses you. The adder bites you.
* * * LOW HITPOINT WARNING * * *
You hit the adder.
You kill the adder!
The worm bites you.
You die...

##...## #># ##.....##
##.# ##.......## ##..##
#.........####....#######
+.........'..............
#.........####....#######
##.......######.#.#
##........w.####.#
##...#####@# #.# ##..#
#†# #.# #..# #.# #.# #..#
... ..# #..# #.# ## ....
..# ..w ###


You could see a worm.

Vanquished Creatures
  The ghost of tidbits the Ducker, a weakling HEWn (D:3)
  4 adders
  10 bats
  4 hobgoblins
  2 jackals (D:1)
  2 kobolds (D:1)
  A frilled lizard (D:2)
  2 goblins (D:1)
  A rat (D:1)
27 creatures vanquished.

Notes
Turn   | Place    | Note
-------+----------+-------------------------------------------
     0 | D:1      | tidbits the High Elf Wanderer began the quest for the Orb.
     0 | D:1      | tidbits set off with: a potion of heal wounds, a potion of berserk rage, a +0 quarterstaff, a potion of lignification, a +0 robe, a bread ration
     0 | D:1      | Reached XP level 1. HP: 17/17 MP: 2/2
     6 | D:1      | Noticed a swamp worm
     6 | D:1      | Noticed a swamp drake
     6 | D:1      | Noticed a polar bear
     6 | D:1      | Noticed a crocodile
     6 | D:1      | Noticed a worker ant
   105 | D:1      | Reached skill level 1 in Dodging
   195 | D:1      | Reached XP level 2. HP: 22/22 MP: 3/3
   268 | D:1      | Reached skill level 2 in Dodging
   558 | D:3      | Reached skill level 3 in Dodging
   558 | D:3      | Reached XP level 3. HP: 27/27 MP: 4/4
   570 | D:3      | Noticed tidbits's ghost (weakling HEWn)
   580 | D:3      | Killed tidbits's ghost
   634 | D:3      | Found a white marble altar of Elyvilon.
   707 | D:2      | Reached XP level 4. HP: 27/34 MP: 5/5
   723 | D:2      | Slain by a worm

Skill      XL: |  1  2 |
---------------+-------+-----
Dodging        | 1 3 |  3.0
Fighting       | |  4.8
Crossbows      | |  2.0
Throwing       | |  1.0
Stealth        | |  1.1
Unarmed Combat | |  1.5

Action                   |  1- 3 |  4- 6 || total
-------------------------+-------+-------++-------
Melee: Quarterstaff      |   103 |    16 ||   119
  Use: Potion            |     1 |       ||     1
Armor: Scale mail        |    58 |    11 ||    69
       Robe              |     3 |       ||     3
Dodge: Dodged            |    79 |    19 ||    98

Table legend:
 A = Turns spent in this place as a percentage of turns spent in the entire game.
 B = Non-inter-level travel turns spent in this place as a percentage of non-inter-level travel turns spent in the entire game.
 C = Inter-level travel turns spent in this place as a percentage of turns spent in this place.
 D = Turns resting spent in this place as a percentage of non-inter-level travel turns spent in this place.
 E = Turns spent auto-exploring this place as a percentage of non-inter-level travel turns spent in this place.
 F = Non-inter-level travel turns spent in this place divided by the number of levels of this place that you've seen.
                   A       B       C       D       E      F
               +-------+-------+-------+-------+-------+----------------------
         Total | 100.0 | 100.0 |   0.0 |   0.0 |   0.0 | 248.0
       Dungeon | 100.0 | 100.0 |   0.0 |   0.0 |   0.0 | 248.0
               +-------+-------+-------+-------+-------+----------------------

Table legend:
 A = Kills in this place as a percentage of kills in entire the game.
 B = Kills by you in this place as a percentage of kills by you in the entire game.
 C = Kills by friends in this place as a percentage of kills by friends in the entire game.
 D = Other kills in this place as a percentage of other kills in the entire game.
 E = Experience gained in this place as a percentage of experience gained in the entire game.
 F = Experience gained in this place divided by the number of levels of this place that you have seen.
                   A       B       C       D       E      F
               +-------+-------+-------+-------+-------+----------------------
         Total | 100.0 | 100.0 |  -nan |  -nan | 100.0 |  37.0
       Dungeon | 100.0 | 100.0 |  -nan |  -nan | 100.0 |  37.0
               +-------+-------+-------+-------+-------+----------------------

Vault maps used:
D:1:      onia_arrival_zoo_common, serial_corexii_hall, corexii_hall_statues_l,
          corexii_hall_statues_deadend, minivault_25, interstate_on_off
D:2:      first_bread, dk_vineyard_3
D:3:      vehumet_crystals, serial_glass, glass_columns_a, glass_columns_b,
          hangedman_abyss_or_decor_lesser_grid, lemuel_statue_altar,
          uniq_natasha
